 Dungeon Crawl Stone Soup version 0.26-a0-737-g4e9f4955e2 (webtiles) character file.

Game seed: 7691098149384749174

661905 mhtbhm the Axe Maniac (level 27, -10/218 HPs)
             Began as a Minotaur Berserker on Nov 4, 2020.
             Was the Champion of Trog.
             Killed from afar by an ancient lich (54 damage)
             ... with a crystal spear
             ... on level 3 of the Depths on Nov 5, 2020.
             The game lasted 02:49:12 (83984 turns).

mhtbhm the Axe Maniac (Minotaur Berserker)         Turns: 83984, Time: 02:49:15

Health: -10/218    AC: 44    Str: 36    XL:     27
Magic:  18/18      EV: 15    Int:  0    God:    Trog [******]
Gold:   9112       SH:  0    Dex: 15    Spells: 27/27 levels left

rFire    + + +     SeeInvis +   O - +11 long sword of Upheaval {vamp, rC+}
rCold    + + .     Faith    +   (no shield)
rNeg     + . .     Spirit   .   V - +4 crystal plate armour "Wiopom Kuypt" {+Blink rCorr}
rPois    +         Reflect  .   C - +1 hat
rElec    +         Harm     .   l - scarf {+Inv}
rCorr    +         Rampage  .   c - +2 pair of gloves "Dafen" {rF++ rN+ MR+}
MR       +++++                  H - +2 pair of boots {Fly}
Stlth    ..........             n - amulet of Paerits {Faith rPois}
HPRegen  0.46/turn              p - ring "Nizolelu" {*Drain rElec rF+ Str+6}
MPRegen  0.16/turn              x - ring "Lilef" {*Corrode rF+ rC+ MR++ Slay+4 SInv}

@: flying, slowed, lost intelligence, studying 2 skills, very slow
A: retaliatory headbutt, horns 2, dopey 1[+1], frail 2, low mp 1[+1], subdued
magic 1[+2]
}: 3/15 runes: decaying, barnacled, silver
a: Berserk, Trog's Hand, Brothers in Arms, Renounce Religion, Evoke Blink, Evoke
Invisibility, Stop Flying


You were on level 3 of the Depths.
You worshipped Trog.
Trog was exalted by your worship.
You visited 12 branches of the dungeon, and saw 48 of its levels.
You visited the Abyss 2 times.
You also visited: Trove, Bailey, Gauntlet, Ice Cave and Desolation.

You collected 10342 gold pieces.
You spent 1230 gold pieces at shops.

Inventory:

Hand Weapons
 m - the +10 double sword of Baekoove {venom, rC+ MP+9}
   (You took it off a merfolk impaler on level 4 of the Shoals)

   It poisons the flesh of those it strikes.
   It protects you from cold.
   It affects your magic capacity (+9).
 L - a +9 vorpal executioner's axe
 O - the +11 long sword of Upheaval (weapon) {vamp, rC+}
   (You took it off a yaktaur captain on level 5 of the Vaults)

   It inflicts no extra harm, but heals its wielder when it wounds a living foe.
   It protects you from cold.
Missiles
 e - 19 curare-tipped darts (quivered)
Armour
 b - the +7 plate armour of Anaesthesia {MR+}
   (You bought it in a shop on level 12 of the Dungeon)

   It affects your resistance to hostile enchantments.
 c - the +2 pair of gloves "Dafen" (worn) {rF++ rN+ MR+}
   (You found it on level 12 of the Dungeon)

   It greatly protects you from fire.
   It protects you from negative energy.
   It affects your resistance to hostile enchantments.
 j - the +1 pair of gloves of Whack-A-Mole {rC- rN+ Str+4 Dex+2}
   (You found it on level 5 of the Lair of Beasts)

   It affects your strength (+4).
   It affects your dexterity (+2).
   It makes you vulnerable to cold.
   It protects you from negative energy.
 l - a scarf of invisibility (worn)
 C - a +1 hat (worn)
 E - +0 pearl dragon scales
 H - a +2 pair of boots of flying (worn)
 K - a +0 kite shield of reflection
 V - the +4 crystal plate armour "Wiopom Kuypt" (worn) {+Blink rCorr}
   (You found it on level 4 of the Vaults)

   It lets you blink.
   It provides partial protection from all sources of acid and corrosion.
 Z - the +3 pair of gauntlets of War {Slay+5}
   (You found it on level 2 of the Depths)

   It affects your accuracy and damage with ranged weapons and melee attacks
   (+5).
Jewellery
 n - the amulet of Paerits (around neck) {Faith rPois}
   (You took it off a ragged hierophant in the Desolation of Salt)

   [amulet of faith]

   It allows you to gain divine favour quickly.
   It protects you from poison.
 p - the ring "Nizolelu" (left hand) {*Drain rElec rF+ Str+6}
   (You found it in the Desolation of Salt)

   [ring of strength]

   It affects your strength (+6).
   It protects you from fire.
   It insulates you from electricity.
   It causes draining when unequipped.
 u - the ring "Eptaidar" {rF- rC++ EV+4 Str+5}
   (You found it in a treasure trove)

   [ring of evasion]

   It affects your evasion (+4).
   It affects your strength (+5).
   It makes you vulnerable to fire.
   It greatly protects you from cold.
 x - the ring "Lilef" (right hand) {*Corrode rF+ rC+ MR++ Slay+4 SInv}
   (You found it on level 7 of the Dungeon)

   [ring of slaying]

   It affects your accuracy and damage with ranged weapons and melee attacks
   (+4).
   It protects you from fire.
   It protects you from cold.
   It affects your resistance to hostile enchantments.
   It lets you see invisible.
   It may corrode you when you take damage.
 A - the ring of Qiaw Heo {+Fly rN++}
   (You found it on level 5 of the Depths)

   [ring of flight]

   It greatly protects you from negative energy.
   It lets you fly.
Wands
 y - a wand of flame (21)
 B - a wand of disintegration (42)
 S - a wand of acid (64)
Scrolls
 a - 5 scrolls of fog
 d - 18 scrolls of remove curse
 h - 3 scrolls of holy word
 i - 14 scrolls of identify
 o - a scroll of silence
 r - 5 scrolls of fear
 s - 8 scrolls of immolation
 t - a scroll of acquirement
 M - 21 scrolls of teleportation
 R - 9 scrolls of blinking
 U - 12 scrolls of enchant armour
 Y - 12 scrolls of magic mapping
Potions
 f - 9 potions of might
 k - 7 potions of berserk rage
 q - 8 potions of cancellation
 v - 2 potions of stabbing
 w - 5 potions of invisibility
 z - 5 potions of haste
 J - 11 potions of heal wounds
 N - a potion of magic
 T - 5 potions of resistance
 W - 22 potions of curing
Books
 D - a manual of Shields
 P - a manual of Bows
Miscellaneous
 g - a phantom mirror
 F - a lightning rod (4/4)
 G - a tin of tremorstones (3/3)
 I - a phantom mirror
 Q - the horn of Geryon
 X - a condenser vane (2/2)


   Skills:
 O Level 27 Fighting
 * Level 25.9 Long Blades
 O Level 27 Axes
   Level 6.4(19.4) Polearms
 - Level 6.3 Bows
 + Level 9.3 Throwing
 O Level 27 Armour
 + Level 10.6 Dodging
 - Level 4.8 Stealth
 - Level 6.6 Shields
 - Level 1.4 Unarmed Combat
 - Level 0.9 Spellcasting
 - Level 3.3 Evocations


You had 27 spell levels left.
You didn't know any spells.
Your spell library was empty.

Dungeon Overview and Level Annotations

Branches:
Dungeon (15/15)            Temple (0/1) D:4            Lair (6/6) D:8
  Swamp (4/4) Lair:4       Shoals (4/4) Lair:2        Slime (0/5) Lair:6
    Orc (2/2) D:11            Elf (3/3) Orc:2        Vaults (5/5) D:13
  Crypt (1/3) Vaults:3     Depths (5/5) D:15           Hell (visited)
    Dis (1/7) Hell            Geh (1/7) Hell            Coc (0/7) Hell
    Tar (0/7) Hell            Zot (0/5) Depths:5     Bailey (visited)
  IceCv (visited)         Desolation (visited)      Gauntlet (visited)
  Snake: Lair:2-4    Spider: Lair:2-4

Altars:
Ashenzari
Elyvilon
Fedhas
Gozag
Hepliaklqana
Okawaru
Qazlal
Ru
Sif Muna
Trog
Vehumet
Xom
Zin
The Shining One
Jiyva

Shops:
D:12 *   D:14 *   Orc:2 [}(*   Elf:1 *   Vaults:1 [   Depths:3 (

Portals:
Hell: Depths:1 Depths:2 Depths:3 Depths:4 Depths:5
Abyss: Depths:3 Depths:4
Pandemonium: Depths:1 Depths:2 Depths:3 Depths:4
Ziggurat: Depths:3


Innate Abilities, Weirdness & Mutations

You reflexively headbutt those who attack you in melee.
You have a pair of horns on your head.
You are very frail. (-20% HP)
[You are very dopey. (Int -4)]
[Your magical capacity is very low. (-20% MP)]
[Your spells are much easier to cast, but much less powerful.]


Message History

The ancient lich is severely damaged.
The ancient lich casts a spell at you. The bolt of acid hits you! You resist.
* * * LOW HITPOINT WARNING * * *
You are splashed with acid.
You resist.
* * * LOW HITPOINT WARNING * * *
You hit the ancient lich but do no damage.
You headbutt the ancient lich.
The ancient lich is severely damaged.
The ancient lich casts a spell at you. You resist with almost no effort.
The ancient lich touches you but does no damage.
You slash the ancient lich!
You headbutt the ancient lich, but do no damage.
The ancient lich is severely damaged.
The ancient lich touches you.
* * * LOW HITPOINT WARNING * * *
The ancient lich points at you and mumbles some strange words.
The crystal spear hits you!!!
You die...

##.....### ###.#
##........###...>
#..........#.....
##.#.............
##..............
###.........<..
#######.............
#∩...##.............
#.L@.###........≈≈≈.
#....##....≈≈≈≈≈≈...
#....##..≈≈≈≈..≈....
###'##.#≈≈≈.........
#.#....≈..........
#....##..)........
#######.#.........
####.........
#.⌠.⌠........


You could see an ancient lich (fast).

Vanquished Creatures
  4 ancient liches
  Mennas (Vaults:5)
  Mara (Depths:2)
  A juggernaut (Depths:5)
  Sojobo (Vaults:3)
  Frederick (Vaults:5)
  Xtahua (Vaults:3)
  Geryon (Hell)
  Nikola (Vaults:2)
  The ghost of Jophoofa the Warrior, an adept DgCj (Depths:2)
  8 golden dragons
  A pearl dragon (Depths:4)
  A bone dragon (Abyss:1)
  5 liches
  A Brimstone Fiend (Geh:1)
  5 tentacled monstrosities
  An iron giant (Depths:2)
  A hellephant (Depths:3)
  Rupert (D:14)
  The ghost of Lepharih the Bludgeoner, an adept TrFi of Okawaru (Depths:2)
  2 Ice Fiends (IceCv)
  3 quicksilver dragons
  4 titans
  2 deep elf blademasters (Elf:3)
  An acid blob (shapeshifter) (Depths:4)
  2 deep elf master archers (Elf:3)
  3 sphinxes
  An Executioner (Abyss:3)
  The ghost of Biocos the Whirler, an adept HaHu of Okawaru (Depths:2)
  11 tentacled starspawn
  Roxanne (Shoals:2)
  2 thorn hunters
  Donald (Shoals:1)
  Ilsuiw (Shoals:4)
  9 tengu reavers
  9 shadow dragons
  A draconian monk (Abyss:1)
  14 frost giants
  The ghost of MadAsgardian the Grappler, a journeyman TrMo of Makhleb (D:15)
  2 storm dragons
  8 fire giants
  11 deep elf sorcerers
  A draconian knight (Depths:5)
  The ghost of Awnudaz the Basher, a journeyman TrHu of Okawaru (D:15)
  An imperial myrmidon (Desolation)
  3 orc warlords
  2 iron dragons (Vaults:5)
  15 vault wardens
  2 draconian scorchers (Depths:5)
  The ghost of Giaff the Carver, a journeyman DsGl of Makhleb (D:15)
  2 balrugs
  An emperor scorpion (shapeshifter) (Vaults:5)
  6 reapers
  4 deep elf elementalists
  A ghoul (Vaults:4)
  3 spriggan defenders
  20 ironheart preservers
  24 very ugly things
  An apis (Depths:4)
  24 stone giants
  4 war gargoyles
  An ophan (Depths:4)
  Nessos (Orc:1)
  6 vampire knights
  A juggernaut skeleton (Depths:3)
  The ghost of ZLogic the Unseen, a journeyman SpEn of Kikubaaqudgha (D:15)
  8 deep elf demonologists
  8 deep elf annihilators
  6 spark wasps
  7 bunyips
  A halazid warlock (Desolation)
  A minotaur (Gauntlet)
  5 merfolk javelineers (Shoals:4)
  A spark wasp (shapeshifter) (Vaults:5)
  14 ettins
  6 deep elf death magi
  A blizzard demon (Abyss:1)
  A quicksilver dragon zombie (Crypt:1)
  5 eleionomae
  A mummy priest (Hell)
  2 eidola
  A green death (Abyss:3)
  15 fire dragons
  Josephine (D:14)
  13 yaktaur captains
  2 crystal guardians (Desolation)
  5 ragged hierophants (Desolation)
  8 merfolk impalers
  5 deep elf high priests
  A quicksilver dragon skeleton (Crypt:1)
  9 rakshasas
  A shambling mangrove (Swamp:3)
  34 vault guards
  13 ice dragons
  15 great orbs of eyes
  8 boulder beetles
  6 servants of whispers (Desolation)
  3 ghost crabs
  6 spriggan air magi
  30 hydras
  5 merfolk aquamancers
  11 peacekeepers (Desolation)
  Erica (Lair:2)
  6 merfolk avatars
  5 alligators
  6 death knights
  42 two-headed ogres
  14 ogre magi
  10 centaur warriors
  3 satyrs
  19 dancing weapons
  14 deep troll shamans
  2 alligator snapping turtles
  11 death yaks
  An orc high priest (Orc:1)
  2 vampire magi
  6 hell hogs
  4 spriggan berserkers
  4 tengu warriors (Depths:1)
  Urug (Lair:5)
  7 thrashing horrors
  12 deep troll earth magi
  2 goliath frogs
  An iron golem (Hell)
  5 sun demons
  21 deep elf knights
  8 soul eaters
  11 skeletal warriors
  4 sixfirhies
  11 iron trolls
  2 storm dragon zombies
  4 shadow wraiths
  2 spatial maelstroms (Abyss:1)
  A fire crab (Swamp:4)
  A titan skeleton (Hell)
  10 wretched stars
  18 hell knights
  An anaconda zombie (Hell)
  2 golden dragon zombies
  5 spriggan druids
  9 swamp dragons (Swamp:4)
  8 unseen horrors
  48 deep trolls
  3 flayed ghosts
  10 wizards
  11 glowing orange brains
  3 bog bodies
  12 sea snakes
  16 orc knights
  A phantasmal warrior (Crypt:1)
  11 harpies
  11 deep elf archers
  2 shadow dragon zombies
  24 ironbrand convokers
  An orange crystal statue (Depths:4)
  16 necromancers
  2 lindwurms (Swamp:4)
  A shadow dragon skeleton (Crypt:1)
  The ghost of jiml777 the Thaumaturge, a novice DEAE of Sif Muna (D:6)
  6 orc sorcerers
  12 fauns
  3 stone giant zombies
  A faun (shapeshifter) (D:15)
  58 deep elf magi
  2 wolf spiders (shapeshifter)
  16 manticores
  A sphinx skeleton (Depths:3)
  3 worldbinders
  5 wolf spiders
  5 fire giant zombies
  A frost giant zombie (Hell)
  5 will-o-the-wisps
  40 ugly things
  A salamander (Depths:4)
  10 merfolk sirens
  3 moths of wrath (Vaults:4)
  20 cyclopes
  3 frost giant skeletons
  2 stone giant skeletons
  A fire giant skeleton (Geh:1)
  2 elephants (shapeshifter)
  An iron dragon skeleton (Depths:3)
  3 black mambas
  19 elephants
  2 dire elephant zombies
  11 vault sentinels
  3 ice statues
  A gargoyle (D:10)
  2 orange demons (Abyss:1)
  6 water nymphs
  A torpor snail (Lair:5)
  8 guardian serpents
  6 hellions (Geh:1)
  8 rust devils
  14 cane toads
  2 molten gargoyles (Desolation)
  13 smoke demons
  A cane toad (shapeshifter) (Vaults:2)
  5 spectral swamp worms (Depths:1)
  60 yaktaurs
  A demonic crawler (Abyss:3)
  2 tormentors (Geh:1)
  A yaktaur zombie (Hell)
  3 kobold demonologists
  3 tengu conjurers
  11 komodo dragons
  A silent spectre (Vaults:4)
  2 hellwings
  7 ancient zymes
  2 yaktaurs (shapeshifter)
  9 rime drakes
  6 freezing wraiths
  A hydra zombie (Hell)
  13 ice devils (IceCv)
  11 red devils
  30 merfolk
  A bloated husk (Swamp:2)
  2 jumping spiders (shapeshifter)
  A queen bee (D:11)
  5 polar bears
  5 wind drakes
  15 hornets
  25 slime creatures
  28 blink frogs
  An ettin zombie (Hell)
  9 tyrant leeches
  A shadow dragon simulacrum (Vaults:5)
  19 raiju
  8 trolls
  A blink frog (shapeshifter) (Depths:1)
  31 large abominations
  62 saltlings (Desolation)
  A deep troll zombie (Hell)
  A meliai zombie (D:12)
  An ice dragon zombie (Hell)
  2 spriggan zombies
  10 dream sheep
  8 snapping turtles
  A centaur simulacrum (D:15)
  A harpy skeleton (Abyss:2)
  14 flying skulls
  2 fire dragon zombies (Hell)
  2 vampires
  2 redbacks (shapeshifter)
  7 shadows
  A shapeshifter (Vaults:3)
  7 wyverns
  8 redbacks (Depths:3)
  8 spriggans
  2 air elementals (Elf:3)
  36 yaks
  24 water elementals
  8 ynoxinuls
  2 ettin skeletons
  A spriggan (shapeshifter) (Vaults:3)
  2 fire bats (Swamp:4)
  7 wraiths
  5 golden eyes (Abyss:2)
  7 fire elementals (Hell)
  A hog (shapeshifter) (Vaults:5)
  3 steam dragons
  6 vampire mosquitoes (Swamp:1)
  7 neqoxecs
  An emperor scorpion simulacrum (Hell)
  2 basilisks
  6 chaos spawn
  A warg (shapeshifter) (Vaults:1)
  3 insubstantial wisps (Abyss:3)
  18 swamp worms
  8 wargs
  A cane toad zombie (Hell)
  4 acid dragons
  3 hell hounds (Hell)
  34 small abominations
  21 water moccasins
  2 floating eyes
  81 orc warriors
  8 sky beasts
  10 swamp drakes
  A cane toad skeleton (Hell)
  5 ice beasts
  An eye of draining (shapeshifter) (Depths:2)
  3 black bears
  3 eyes of draining
  3 necrophages
  35 ogres
  A swamp dragon zombie (Hell)
  4 phantoms
  11 wolves
  10 boggarts
  19 centaurs
  An elf simulacrum (Vaults:4)
  2 big kobolds
  Blork the orc (D:6)
  2 human skeletons
  19 bullfrogs
  A gnoll sergeant (D:11)
  3 earth elementals
  A wyvern skeleton (D:13)
  3 scorpions
  A water moccasin skeleton (D:7)
  A snapping turtle simulacrum (Abyss:1)
  30 killer bees
  A troll skeleton (Geh:1)
  24 wights
  A vampire bat (Lair:3)
  3 electric eels
  7 howler monkeys
  2 bullfrog zombies
  5 crimson imps
  6 centaur zombies
  9 quasits
  29 starcursed masses
  7 hounds
  6 jellies
  19 orc priests
  4 bullfrog skeletons
  4 centaur skeletons
  An iron imp (Abyss:3)
  Jessica (D:2)
  12 hell rats
  5 iguanas
  Natasha (thrice) (D:2)
  19 orc wizards
  17 worker ants
  A naga zombie (Crypt:1)
  A hound zombie (D:5)
  A hound skeleton (D:6)
  A worker ant zombie (D:6)
  6 gnolls
  17 adders
  9 river rats (Lair:1)
  4 shadow imps
  19 white imps
  9 ufetubi
  3 oozes
  2 adder skeletons
  5 worms
  A dart slug (D:1)
  8 leopard geckos
  102 orcs
  3 giant cockroaches
  10 hobgoblins
  5 jackals
  26 kobolds
  3 quokkas
  2 ball pythons (D:1)
  A ball python zombie (Crypt:1)
  21 bats
  3 frilled lizards
  5 goblins
  A quokka skeleton (D:4)
  5 rats
  8 briar patches (Swamp:3)
  2 fungi
  13 plants
  8 starspawn tentacles
2706 creatures vanquished.

Vanquished Creatures (collateral kills)
  Saint Roka (Orc:2)
  A war gargoyle (Vaults:3)
  A very ugly thing (Depths:2)
  A ragged hierophant (Desolation)
  2 peacekeepers (Desolation)
  A dancing weapon (D:13)
  A centaur warrior (Depths:2)
  An ogre mage (Depths:2)
  A skeletal warrior (D:13)
  2 ugly things (Depths:2)
  A will-o-the-wisp (Swamp:2)
  A centaur skeleton (D:13)
  An ancient zyme (Abyss:3)
  2 yaktaurs (Depths:2)
  2 saltlings (Desolation)
  An acid dragon (D:13)
  An orc warrior (Orc:2)
  An eye of draining (D:13)
  An ogre (Vaults:3)
  5 starcursed masses (Abyss:3)
  2 killer bees (D:13)
  2 orcs (Orc:2)
32 creatures vanquished.

Vanquished Creatures (others)
  A vampire knight (Depths:4)
  2 hydras (Swamp:4)
  A deep elf knight (Elf:3)
  A hell knight (Depths:3)
  2 bloated husks
  2 steam dragons (Swamp:4)
  A neqoxec (Abyss:3)
  A swamp worm (Swamp:4)
  2 swamp drakes (Swamp:4)
  A boggart (Vaults:1)
  3 wights
  An orc wizard (Depths:5)
  5 ufetubi (IceCv)
  An orc (Vaults:5)
  A briar patch (Swamp:3)
  14 foxfires
  43 fungi
  5 lurking horrors
  115 plants
  15 starspawn tentacles
217 creatures vanquished.

Grand Total: 2955 creatures vanquished

Notes
Turn   | Place    | Note
-------+----------+-------------------------------------------
     0 | D:1      | mhtbhm the Minotaur Berserker began the quest for the Orb.
     0 | D:1      | Reached XP level 1. HP: 19/19 MP: 0/0
   303 | D:1      | Reached XP level 2. HP: 27/27 MP: 1/1
   645 | D:1      | You fall into a shaft and drop 1 floor!
   652 | D:2      | Reached XP level 3. HP: 19/33 MP: 2/2
   970 | D:2      | Found a faded altar of an unknown god.
  1043 | D:2      | Noticed Jessica
  1047 | D:2      | Killed Jessica
  1334 | D:2      | Reached skill level 5 in Axes
  1334 | D:2      | Reached XP level 4. HP: 34/41 MP: 3/3
  1409 | D:2      | Found a stormy altar of Qazlal.
  1966 | D:2      | Noticed Natasha
  1968 | D:2      | Reached ** piety under Trog
  1970 | D:2      | Killed Natasha
  1970 | D:2      | Reached XP level 5. HP: 47/47 MP: 4/4
  2524 | D:2      | Noticed Natasha
  2529 | D:2      | Killed Natasha
  2529 | D:2      | Reached skill level 1 in Stealth
  2580 | D:2      | Noticed Natasha
  2590 | D:2      | Killed Natasha
  2802 | D:3      | Reached XP level 6. HP: 55/55 MP: 5/5
  3006 | D:3      | Reached *** piety under Trog
  3386 | D:3      | Reached skill level 5 in Fighting
  4057 | D:4      | Found a staircase to the Ecumenical Temple.
  4163 | D:4      | Reached XP level 7. HP: 59/61 MP: 6/6
  4466 | D:5      | Entered Level 5 of the Dungeon
  4565 | D:5      | Found a sacrificial altar of Ru.
  5302 | D:5      | Reached **** piety under Trog
  5637 | D:5      | Got a fine war axe
  5638 | D:5      | Identified the +3 war axe "Killer Bee's Bane" {freeze,
                  | rElec rF+ Str+4 Int-3} (You found it on level 5 of the
                  | Dungeon)
  5653 | D:5      | Reached XP level 8. HP: 63/70 MP: 7/7
  6026 | D:6      | Reached skill level 5 in Dodging
  6038 | D:6      | Noticed jiml777's ghost (novice DEAE)
  6047 | D:6      | Found a runed translucent gate.
  6047 | D:6      | Found a runed translucent gate.
  6047 | D:6      | Found a runed translucent gate.
  6068 | D:6      | Noticed Blork the orc
  6071 | D:6      | Killed Blork the orc
  6286 | D:6      | Found a shimmering blue altar of Sif Muna.
  6296 | D:6      | Reached skill level 10 in Axes
  7223 | D:6      | Reached XP level 9. HP: 79/79 MP: 8/8
  7227 | D:6      | Killed jiml777's ghost
  7591 | D:7      | Found a shimmering altar of Xom.
  7591 | D:7      | Found an iron altar of Okawaru.
  7592 | D:7      | Found a broken altar of Ashenzari.
  7666 | D:7      | Found a large runed translucent door.
  7666 | D:7      | Found a large runed translucent door.
  7784 | D:7      | Reached ***** piety under Trog
  7787 | D:7      | Found a large runed translucent door.
  7787 | D:7      | Found a large runed translucent door.
  7836 | D:7      | Identified Lumo Gumm's Disquisition on Supportive
                  | Intoxication
  7886 | D:7      | Noticed a deep elf mage
  8890 | D:7      | Noticed a two-headed ogre
  8901 | D:7      | Killed a two-headed ogre
  8901 | D:7      | Reached skill level 5 in Armour
  8901 | D:7      | Reached XP level 10. HP: 48/90 MP: 9/9
  9213 | D:7      | Got a heavily runed pewter ring
  9214 | D:7      | Identified the ring "Lilef" {*Corrode rF+ rC+ MR++ Slay+4
                  | SInv} (You found it on level 7 of the Dungeon)
  9349 | D:8      | Noticed an elephant
  9363 | D:8      | Killed an elephant
  9367 | D:8      | Found a staircase to the Lair.
 10090 | D:9      | Found a flagged portal.
 10099 | Bailey   | Entered a bailey
 10890 | Bailey   | Noticed an orc knight
 10899 | Bailey   | Reached skill level 1 in Evocations
 10901 | Bailey   | Killed an orc knight
 11284 | Bailey   | Reached skill level 10 in Fighting
 12236 | D:10     | Entered Level 10 of the Dungeon
 12246 | D:10     | Reached XP level 11. HP: 101/101 MP: 10/10
 12332 | D:10     | Noticed a two-headed ogre
 12339 | D:10     | Killed a two-headed ogre
 12769 | D:10     | Received a gift from Trog
 13049 | D:10     | Identified the +7 arbalest of Growth {freeze, Stlth+}
 13443 | D:11     | Found a staircase to the Orcish Mines.
 13621 | D:11     | Noticed a red ugly thing
 13629 | D:11     | Killed a red ugly thing
 13678 | D:11     | Noticed a centaur warrior
 13685 | D:11     | Killed a centaur warrior
 13685 | D:11     | Reached skill level 15 in Axes
 14068 | D:11     | Noticed a six-headed hydra
 14072 | D:11     | Killed a four-headed hydra
 14282 | D:11     | Reached skill level 10 in Armour
 14379 | Orc:1    | Entered Level 1 of the Orcish Mines
 14403 | Orc:1    | Received a gift from Trog
 14431 | Orc:1    | Reached XP level 12. HP: 103/115 MP: 11/11
 14573 | Orc:1    | Noticed an orc high priest
 14586 | Orc:1    | Killed an orc high priest
 15048 | Orc:2    | Entered Level 2 of the Orcish Mines
 15063 | Orc:2    | Noticed Nessos
 15075 | Orc:2    | Noticed an orc warlord
 15082 | Orc:1    | Killed Nessos
 15362 | Orc:2    | Killed an orc warlord
 15519 | Orc:2    | Found a radiant altar of Vehumet.
 15591 | Orc:2    | Found a staircase to the Elven Halls.
 16081 | Orc:2    | Noticed Saint Roka
 16095 | Orc:2    | Found Wazec's Gadget Emporium.
 16095 | Orc:2    | Found Masagub's Weapon Shop.
 16099 | Orc:2    | Found Houlosu's Antique Armour Shoppe.
 16100 | Orc:2    | HP: 4/118 [centaur/arrow (4)]
 16103 | Orc:2    | Found Cidiqib's General Store.
 16580 | Orc:2    | Reached skill level 15 in Fighting
 17444 | Orc:2    | Killed Saint Roka
 17882 | Orc:2    | Reached XP level 13. HP: 124/128 MP: 12/12
 18287 | Orc:2    | Bought a scroll of enchant armour for 112 gold pieces
 18287 | Orc:2    | Bought a scroll of brand weapon for 300 gold pieces
 18515 | Elf:1    | Entered Level 1 of the Elven Halls
 18525 | Elf:1    | Noticed a deep elf sorcerer
 18539 | Elf:1    | Killed a deep elf sorcerer
 18606 | Elf:1    | Noticed a deep elf annihilator
 18619 | Elf:1    | Killed a deep elf annihilator
 19030 | Elf:1    | Identified a scroll of acquirement
 19033 | Elf:1    | Acquired a scarf of invisibility
 19087 | Elf:1    | Found a ruined gateway.
 19109 | Desolati | Entered the Desolation of Salt
 19182 | Desolati | Received a gift from Trog
 19681 | Desolati | Reached ****** piety under Trog
 19816 | Desolati | Reached XP level 14. HP: 141/141 MP: 13/13
 20037 | Desolati | Identified the amulet of Paerits {Faith rPois}
 20044 | Desolati | Received a gift from Trog
 20485 | Desolati | Noticed an imperial myrmidon
 20491 | Desolati | Killed an imperial myrmidon
 20677 | Desolati | Got a slimy wooden ring
 20815 | Desolati | Identified the ring "Nizolelu" {*Drain rElec rF+ Str+6}
                  | (You found it in the Desolation of Salt)
 20863 | Desolati | Got a slimy tin ring
 20930 | Desolati | Reached skill level 15 in Armour
 21906 | Desolati | Identified Qabaos's Volume of Creation
 21919 | Desolati | Got a shimmering ring mail
 21925 | Desolati | Identified the cursed +0 ring mail of Unreason {Rampage
                  | rElec} (You found it in the Desolation of Salt)
 21955 | Desolati | Got a scorched chain mail
 21961 | Desolati | Identified the cursed +1 chain mail "Moafin" {rF- MR+++
                  | Regen+ Dex-2} (You found it in the Desolation of Salt)
 22590 | Elf:1    | Identified the ring of Due Proportion {+Inv rF+ MP+9 Int+2}
                  | (You found it in the Desolation of Salt)
 22798 | D:12     | Reached XP level 15. HP: 151/151 MP: 14/14
 22874 | D:12     | Received a gift from Trog
 22938 | D:12     | Found Furogroi's Assorted Antiques.
 22962 | D:12     | Bought a distressingly furry plate armour for 644 gold
                  | pieces
 22967 | D:12     | Identified the +7 plate armour of Anaesthesia {MR+} (You
                  | bought it in a shop on level 12 of the Dungeon)
 23084 | D:12     | Got a pair of ichor-stained gloves
 23095 | D:12     | Identified the +2 pair of gloves "Dafen" {rF++ rN+ MR+}
                  | (You found it on level 12 of the Dungeon)
 23947 | D:13     | Found a gate to the Vaults.
 24782 | D:13     | Found a portal to a secret trove of treasure.
 25618 | Lair:1   | Entered Level 1 of the Lair of Beasts
 26137 | Lair:1   | Received a gift from Trog
 26753 | Lair:2   | Noticed Erica
 26760 | Lair:2   | Killed Erica
 27120 | Lair:2   | Found a staircase to the Shoals.
 27369 | Lair:2   | You are sucked into a shaft and drop 2 floors!
 27413 | Lair:4   | Found a gate leading to a gauntlet.
 27461 | Gauntlet | Entered a Gauntlet
 27461 | Gauntlet | Found a transporter.
 27461 | Gauntlet | Found a transporter.
 27463 | Gauntlet | Found a runed translucent door.
 27470 | Gauntlet | Found a transporter.
 27472 | Gauntlet | Found a transporter.
 27474 | Gauntlet | Found a transporter.
 27474 | Gauntlet | Found a transporter.
 27553 | Gauntlet | Found a transporter.
 27557 | Gauntlet | Found a transporter.
 27565 | Gauntlet | Found a transporter.
 27585 | Gauntlet | Found a transporter.
 27603 | Gauntlet | Found a transporter.
 27607 | Gauntlet | Found a transporter.
 27839 | Gauntlet | Got a pair of transparent gloves
 27850 | Gauntlet | Identified the cursed +0 pair of gloves "Rozia" {Int+4
                  | Dex+5} (You found it in a Gauntlet)
 28293 | Lair:4   | Found a staircase to the Swamp.
 28488 | Lair:4   | Reached XP level 16. HP: 111/161 MP: 15/15
 28490 | Lair:4   | Received a gift from Trog
 29492 | Lair:3   | Reached XP level 17. HP: 170/170 MP: 16/16
 29493 | Lair:3   | Reached XP level 18. HP: 178/178 MP: 17/17
 29674 | Lair:3   | You are sucked into a shaft and drop 1 floor!
 30020 | Lair:5   | Received a gift from Trog
 30095 | Lair:5   | Got an encrusted broad axe {god gift}
 30096 | Lair:5   | Identified the +2 broad axe of the Abyss {vorpal, *Slow
                  | rF++ rC+ Str+4} (Trog gifted it to you on level 5 of the
                  | Lair of Beasts)
 30429 | Lair:5   | Noticed Urug
 30434 | Lair:5   | Killed Urug
 30685 | Lair:5   | Found a runed translucent door.
 30705 | Lair:5   | Got a pair of slimy gloves
 30716 | Lair:5   | Identified the +1 pair of gloves of Whack-A-Mole {rC- rN+
                  | Str+4 Dex+2} (You found it on level 5 of the Lair of
                  | Beasts)
 30873 | Lair:6   | Entered Level 6 of the Lair of Beasts
 31478 | Lair:6   | Found a runed translucent door.
 31809 | Lair:6   | Received a gift from Trog
 31864 | Lair:6   | Found a viscous altar of Jiyva.
 31864 | Lair:6   | Found a staircase to the Slime Pits.
 34069 | Elf:1    | Found Jogoag's Assorted Antiques.
 34894 | Elf:2    | Found a runed translucent gate.
 34894 | Elf:2    | Found a runed translucent gate.
 34895 | Elf:2    | Found a runed translucent gate.
 35152 | Elf:2    | Received a gift from Trog
 35760 | Elf:3    | Entered Level 3 of the Elven Halls
 35976 | Elf:3    | Reached XP level 19. HP: 176/188 MP: 18/18
 36558 | Elf:3    | Noticed a Tzitzimitl
 36563 | Elf:3    | Received a gift from Trog
 37618 | Elf:3    | Identified the +8 long sword of Conscience {holy, MR- Int+7
                  | Stlth-}
 38752 | D:14     | Found a shimmering altar of Xom.
 38752 | D:14     | Found the +7 mace of Variability {chain chaos}
 38763 | D:14     | Received a gift from Trog
 38911 | D:14     | Noticed Josephine
 38919 | D:14     | Killed Josephine
 39310 | D:14     | Noticed Rupert
 39312 | D:14     | Found Pesacku's Assorted Antiques.
 39318 | D:14     | Killed Rupert
 39351 | D:14     | Bought a potion of curing for 87 gold pieces
 39351 | D:14     | Bought a scroll of teleportation for 87 gold pieces
 40409 | Shoals:1 | Entered Level 1 of the Shoals
 40460 | Shoals:1 | Noticed Donald
 40476 | Shoals:1 | Killed Donald
 41901 | Shoals:2 | Received a gift from Trog
 41930 | Shoals:2 | Noticed Roxanne
 41953 | Shoals:2 | Killed Roxanne
 43230 | Shoals:3 | Found a frozen archway.
 43239 | IceCv    | Entered an ice cave
 43427 | IceCv    | Reached XP level 20. HP: 123/200 MP: 19/19
 44869 | Shoals:4 | Entered Level 4 of the Shoals
 44878 | Shoals:4 | Received a gift from Trog
 45791 | Shoals:4 | Acquired 999 gold pieces
 45872 | Shoals:4 | Noticed Ilsuiw
 45879 | Shoals:4 | Received a gift from Trog
 45888 | Shoals:4 | Killed Ilsuiw
 46034 | Shoals:4 | Got a polished battleaxe {god gift}
 46035 | Shoals:4 | Identified the +8 battleaxe "Ultimatum" {flame, Str+5}
                  | (Trog gifted it to you on level 4 of the Shoals)
 46081 | Shoals:4 | Identified the +10 double sword of Baekoove {venom, rC+
                  | MP+9}
 46457 | Shoals:4 | Received a gift from Trog
 46481 | Shoals:4 | Got a barnacled rune of Zot
 47385 | Lair:3   | You are sucked into a shaft and drop 3 floors!
 47722 | Swamp:1  | Entered Level 1 of the Swamp
 48022 | Swamp:1  | Received a gift from Trog
 49949 | Swamp:3  | Received a gift from Trog
 49982 | Swamp:3  | Reached XP level 21. HP: 110/211 MP: 20/20
 50538 | Swamp:4  | Entered Level 4 of the Swamp
 51334 | Swamp:4  | Got a decaying rune of Zot
 51465 | Swamp:4  | Received a gift from Trog
 52999 | Vaults:1 | Entered Level 1 of the Vaults
 53589 | Vaults:1 | Received a gift from Trog
 54358 | Vaults:1 | Found Retuje's Antique Armour Shoppe.
 54614 | Vaults:1 | Reached skill level 27 in Axes
 55195 | Vaults:2 | Received a gift from Trog
 55397 | Vaults:2 | Noticed Nikola
 55405 | Vaults:2 | Killed Nikola
 55784 | Vaults:2 | Received a gift from Trog
 56288 | Vaults:2 | Got a polished battleaxe {god gift}
 56289 | Vaults:2 | Identified the +3 battleaxe of Activism {vorpal, +Blink}
                  | (Trog gifted it to you on level 2 of the Vaults)
 56358 | Vaults:2 | Reached XP level 22. HP: 215/224 MP: 21/21
 56402 | Vaults:2 | Received a gift from Trog
 57196 | Vaults:3 | You are sucked into a shaft and drop 1 floor!
 57902 | Vaults:4 | Received a gift from Trog
 58259 | Vaults:4 | Found a transporter.
 58266 | Vaults:4 | Found a transporter.
 58273 | Vaults:4 | Found a runed translucent door.
 58273 | Vaults:4 | Found a bloodstained altar of Trog.
 58274 | Vaults:4 | Found the cursed necklace of Bloodlust {*Rage +Rage MR++
                  | Int-3 Slay+6 *Curse}
 59038 | Vaults:4 | Got a bloodstained crystal plate armour
 59353 | Vaults:4 | Identified the +4 crystal plate armour "Wiopom Kuypt"
                  | {+Blink rCorr} (You found it on level 4 of the Vaults)
 59542 | Vaults:4 | Received a gift from Trog
 59820 | Vaults:5 | Entered Level 5 of the Vaults
 59831 | Vaults:5 | Reached skill level 27 in Fighting
 59845 | Vaults:5 | Received a gift from Trog
 59852 | Vaults:5 | Noticed Mennas
 60016 | Vaults:5 | Killed Mennas
 60024 | Vaults:5 | Reached XP level 23. HP: 240/240 MP: 22/22
 61053 | Vaults:5 | Noticed Frederick
 61067 | Vaults:5 | Killed Frederick
 61106 | Vaults:5 | Received a gift from Trog
 61563 | Vaults:5 | Identified the +11 long sword of Upheaval {vamp, rC+}
 61906 | Vaults:5 | Noticed an ancient lich
 61912 | Vaults:5 | Noticed an ancient lich
 61914 | Vaults:5 | Killed an ancient lich
 61924 | Vaults:5 | Killed an ancient lich
 62131 | Vaults:5 | Noticed an ancient lich
 62146 | Vaults:5 | Killed an ancient lich
 62405 | Vaults:5 | Received a gift from Trog
 62595 | Vaults:5 | Reached XP level 24. HP: 232/249 MP: 22/22
 62760 | Vaults:5 | Identified the +6 mace "Jaad" {venom, Int+7}
 63314 | Vaults:5 | Got a silver rune of Zot
 63866 | Vaults:3 | Received a gift from Trog
 64141 | Vaults:3 | Noticed Xtahua
 64148 | Vaults:3 | Killed Xtahua
 64403 | Vaults:3 | Received a gift from Trog
 64458 | Vaults:3 | Reached skill level 27 in Armour
 64525 | Vaults:3 | Reached skill level 1 in Bows
 64525 | Vaults:3 | Reached skill level 1 in Shields
 64733 | Vaults:3 | Reached skill level 1 in Polearms
 64733 | Vaults:3 | Reached skill level 1 in Throwing
 64735 | Vaults:3 | Reached skill level 1 in Long Blades
 64793 | Vaults:3 | Reached skill level 1 in Unarmed Combat
 64800 | Vaults:3 | Noticed Sojobo
 64806 | Vaults:3 | Killed Sojobo
 65018 | Vaults:3 | Found a staircase to the Crypt.
 65265 | Vaults:3 | Received a gift from Trog
 65609 | Crypt:1  | Entered Level 1 of the Crypt
 65983 | D:13     | You are sucked into a shaft and drop 1 floor!
 66030 | D:15     | Entered Level 15 of the Dungeon
 66274 | D:15     | Reached skill level 5 in Shields
 66569 | D:15     | Found a blossoming altar of Fedhas.
 66599 | D:15     | Reached skill level 5 in Bows
 66772 | D:15     | Received a gift from Trog
 66776 | D:15     | Found a staircase to the Depths.
 66883 | D:15     | Found a runed translucent gate.
 66884 | D:15     | Found a runed translucent gate.
 66885 | D:15     | Found a runed translucent gate.
 66886 | D:15     | Noticed Awnudaz's ghost (journeyman TrHu)
 66886 | D:15     | Noticed MadAsgardian's ghost (journeyman TrMo)
 66887 | D:15     | Noticed ZLogic's ghost (journeyman SpEn)
 66887 | D:15     | Noticed Giaff's ghost (journeyman DsGl)
 66898 | D:15     | Killed MadAsgardian's ghost
 66901 | D:15     | Killed Giaff's ghost
 66902 | D:15     | Killed Awnudaz's ghost
 66906 | D:15     | Killed ZLogic's ghost
 66941 | D:15     | Got a sparkling jade ring
 66943 | D:15     | Identified the ring "Ridwoa Gagru" {rF++ rC+ MR+ Str-5
                  | Dex+2} (You found it on level 15 of the Dungeon)
 67115 | Depths:1 | Entered Level 1 of the Depths
 67119 | Depths:1 | Reached skill level 10 in Dodging
 67326 | Depths:1 | Found a gateway to Hell.
 67337 | Depths:1 | Lost intelligence.
 67626 | Depths:1 | Reached XP level 25. HP: 218/257 MP: 23/23
 67706 | Depths:1 | Reached skill level 5 in Long Blades
 67735 | Depths:2 | Received a gift from Trog
 68487 | Depths:1 | Found a one-way gate leading to the halls of Pandemonium.
 68794 | Hell     | Entered the Vestibule of Hell
 68794 | Hell     | Noticed Geryon
 68810 | Hell     | Found a gateway to the freezing wastes of Cocytus.
 68884 | Hell     | Reached skill level 5 in Polearms
 68895 | Hell     | Killed Geryon
 68936 | Hell     | Received a gift from Trog
 68936 | Hell     | Reached skill level 10 in Long Blades
 68951 | Hell     | Got a warped triple sword {god gift}
 69260 | Hell     | Found a gateway to the decaying netherworld of Tartarus.
 69454 | Hell     | Found a gateway to the ashen valley of Gehenna.
 69530 | Hell     | Found a gateway to the Iron City of Dis.
 69799 | Depths:1 | Identified the +6 triple sword of the Eel {vorpal, rN++
                  | Dex+2} (Trog gifted it to you in the Vestibule of Hell)
 70020 | Depths:2 | Noticed Mara
 70025 | Depths:2 | Noticed mhtbhm's illusion
 70036 | Depths:2 | Killed Mara
 70414 | Depths:2 | Received a gift from Trog
 71453 | Depths:2 | Found a runed translucent door.
 71454 | Depths:2 | Noticed Jophoofa's ghost (adept DgCj)
 71468 | Depths:2 | Killed Jophoofa's ghost
 71570 | Depths:2 | Found a runed translucent door.
 71570 | Depths:2 | Noticed Lepharih's ghost (adept TrFi)
 71577 | Depths:2 | Reached skill level 15 in Long Blades
 71585 | Depths:2 | Killed Lepharih's ghost
 71635 | Depths:2 | Found a runed translucent door.
 71635 | Depths:2 | Noticed Biocos's ghost (adept HaHu)
 71637 | Depths:2 | Found the +3 pair of gauntlets of War {Slay+5}
 71648 | Depths:2 | Received a gift from Trog
 71656 | Depths:2 | Killed Biocos's ghost
 71687 | Depths:2 | Identified the ring of the Centipede {*Contam rElec rPois
                  | MR+ Int+2} (You found it on level 2 of the Depths)
 71768 | Depths:3 | Found Lad Cuaj's Weapon Shoppe.
 71797 | Depths:3 | Found a one-way gate to the infinite horrors of the Abyss.
 71909 | Depths:3 | Reached XP level 26. HP: 173/266 MP: 23/23
 72178 | Depths:3 | Acquired the +1 pair of gloves "Horo" {Regen+ Dex+2 Slay+3
                  | SInv}
 72209 | Depths:3 | Received a gift from Trog
 72304 | Depths:3 | Found a gateway to a ziggurat.
 72486 | Depths:3 | Noticed an ancient lich
 72500 | Depths:3 | Killed an ancient lich
 73117 | Depths:4 | Received a gift from Trog
 73445 | Depths:4 | Found a runed translucent door.
 73457 | Depths:4 | Found a runed translucent door.
 73478 | Depths:4 | Reached skill level 5 in Throwing
 73514 | Depths:4 | Received a gift from Trog
 74300 | Depths:4 | Got a dazzling demon trident
 74301 | Depths:4 | Identified the +6 demon trident "Yjaihan" {pain, *Rage +Fly
                  | Str+2} (You found it on level 4 of the Depths)
 74556 | Depths:4 | Found a glowing silver altar of Zin.
 74556 | Depths:4 | Found a glowing golden altar of the Shining One.
 74557 | Depths:4 | Found a white marble altar of Elyvilon.
 74735 | Depths:5 | Entered Level 5 of the Depths
 74796 | Depths:5 | Got a scorched brass ring
 74798 | Depths:5 | Identified the ring of Didin {+Fly Str-4 Int+2 Dex+7
                  | Stlth-} (You found it on level 5 of the Depths)
 74980 | Depths:5 | Found an opulent altar of Gozag.
 75009 | Depths:5 | Received a gift from Trog
 75027 | Depths:5 | Got a twitching silver ring
 75031 | Depths:5 | Identified the ring of Qiaw Heo {+Fly rN++} (You found it
                  | on level 5 of the Depths)
 75067 | Depths:5 | Noticed a juggernaut
 75074 | Depths:5 | Killed a juggernaut
 75495 | Depths:5 | Reached XP level 27. HP: 273/273 MP: 23/23
 75546 | Depths:5 | Found a transporter.
 75582 | Depths:5 | Found a gate to the Realm of Zot.
 75584 | Depths:5 | Received a gift from Trog
 75792 | Depths:5 | Found a hazy altar of Hepliaklqana.
 75900 | Depths:5 | Identified the cursed ring of Xowuerur {Str+4 Slay-4} (You
                  | found it on level 5 of the Depths)
 76165 | Depths:5 | Found a transporter.
 76713 | Dis:1    | Entered Level 1 of the Iron City of Dis
 78331 | D:13     | You paid a toll of a +7 demon trident to enter a treasure
                  | trove
 78332 | Trove    | Entered a treasure trove
 78349 | Trove    | Got a fine ivory ring
 78364 | Trove    | Identified the ring "Eptaidar" {rF- rC++ EV+4 Str+5} (You
                  | found it in a treasure trove)
 78374 | Trove    | Got a twitching amber ring
 78376 | Trove    | Identified the ring "Ofesusk" {rPois EV+4 Slay+6} (You
                  | found it in a treasure trove)
 78380 | Trove    | Got a wavering copper ring
 78381 | Trove    | Identified the ring "Kaneis" {rF+ rC+ Stlth+} (You found it
                  | in a treasure trove)
 78388 | Trove    | Got a shimmering crystal amulet
 78389 | Trove    | Identified the amulet of Wofunif {Reflect *Drain Str-5
                  | Dex+7 SH+5 SInv} (You found it in a treasure trove)
 78398 | Trove    | Got a brightly glowing tin ring
 78399 | Trove    | Identified the ring of Huilum {EV+4 Int+4} (You found it in
                  | a treasure trove)
 78406 | Trove    | Got a vibrating iron ring
 78407 | Trove    | Lost intelligence.
 78407 | Trove    | Identified the ring "Xusmam" {rElec rCorr Int-4 Dex+4 SInv}
                  | (You found it in a treasure trove)
 78841 | Geh:1    | Entered Level 1 of Gehenna
 79377 | Geh:1    | Received a gift from Trog
 80188 | Depths:3 | Voluntarily entered the Abyss.
 80820 | Abyss:3  | Found a corrupted altar of Lugonu.
 80885 | Abyss:3  | Lost intelligence.
 80892 | Depths:3 | Escaped the Abyss
 81258 | Depths:3 | Voluntarily entered the Abyss.
 81429 | Abyss:1  | Gained mutation: You are frail. (-10% HP) [a neqoxec]
 81703 | Abyss:1  | Received a gift from Trog
 81863 | Abyss:1  | Found a corrupted altar of Lugonu.
 82070 | Abyss:1  | Gained mutation: [Your spells are a little easier to cast,
                  | but a little less powerful.] [a neqoxec]
 83134 | Abyss:2  | Gained mutation: You are very frail. (-20% HP) [a neqoxec]
 83262 | Abyss:3  | Received a gift from Trog
 83305 | Abyss:3  | Paralysed by accursed screaming for 1 turns
 83325 | Abyss:3  | Found a corrupted altar of Lugonu.
 83693 | Abyss:3  | Received a gift from Trog
 83857 | Abyss:3  | Gained mutation: [You are dopey. (Int -2)] [a neqoxec]
 83858 | Abyss:3  | Gained mutation: [Your magical capacity is low. (-10% MP)]
                  | [a neqoxec]
 83866 | Abyss:3  | Lost intelligence.
 83960 | Abyss:3  | Noticed an ancient lich
 83974 | Depths:3 | Escaped the Abyss
 83984 | Depths:3 | Killed from afar by an ancient lich

Illustrated notes

Levels and vault maps discovered:
D:1:      matt_arrival_refuge, layout_loops_ring, st_stairs_12,
          minmay_pentomino_r2
D:2:      layout_basic, nicolae_qazlal_eye_of_the_storm,
          chequers_ecumenical_altar_island, minmay_crystal_room,
          minmay_goblin_kobold_house, uniq_natasha, uniq_jessica
D:3:      layout_loops_ring
D:4:      layout_rooms, minmay_temple_entry_statues
D:5:      layout_cave_pods, nicolae_ru_sacrificial_ziggurat
D:6:      kennysheep_orc_sif_temple, layout_basic, gammafunk_ghost_split,
          uniq_blork_the_orc
D:7:      layout_basic, gammafunk_temple_overflow_claw,
          minmay_hollow_rounded_squares
D:8:      layout_basic, david_lair_generic, serial_glass, glass_columns_b,
          glass_columns_a, kennysheep_nub
D:9:      layout_loops_ring, enter_bailey_2
D:10:     minmay_evil_eye, layout_basic
D:11:     layout_roguey, david_orc_3, special_room [special_room_bee]
D:12:     layout_stronghold, serial_shops, shop
D:13:     minmay_connected_boxes_in_corner, layout_long_grid, erik_vaults_1,
          nicolae_trove_entry_columns
D:14:     layout_irregular_city, serial_co_window_serial, co_window_paths_b,
          co_window_paths_a, co_window_corner_a, co_window_of_opportunity_a,
          co_window_paths_b, co_window_corner_a, co_window_paths_b,
          co_window_cross_2, co_window_unsneaky_path_b, co_window_paths_c,
          co_window_paths_d, co_window_paths_e, glass_columns_a,
          glass_columns_a, glass_columns_a, glass_columns_a, serial_shops, shop,
          minmay_guarded_unrand_variability, uniq_josephine, uniq_rupert
D:15:     grunt_enter_depths_hoard, layout_loops_ring, gammafunk_ghost_cemetery,
          fedhas_altar_4
Lair:1:   layout_roguey, serial_bayou_lagoon_a, nicolae_quartered_pool_super,
          kennysheep_rathole
Lair:2:   layout_gridlike, elwin_shoals_entry_stream,
          infiniplex_staircase_pool_2, uniq_erica
Lair:3:   layout_gridlike, minmay_stone_trees_large, roderic_batcave,
          st_stairs_13
Lair:4:   layout_roguey, minmay_swamp_entry_reptiles, gauntlet_entry_generic,
          minivault_24, st_stairs_5, lemuel_fruit_tree, grunt_megastairs_1
Lair:5:   cheibrodos_lair_river_kwai, layout_loops_ring, pf_torpor_hydra,
          uniq_urug
Lair:6:   gammafunk_lair_ancient_temple, layout_misc_corridors, slime_altar_2
Swamp:1:  layout_basic_swamp, evilmike_swamp_ruin_rubble_2
Swamp:2:  layout_basic_swamp, evilmike_swamp_ruin_house_4, swamp_pool3,
          hangedman_swamp_diagram, grunt_witch_cave
Swamp:3:  layout_basic_swamp, evilmike_swamp_ruin_house_3, swamp_pool1
Swamp:4:  swamp_fiery, layout_basic_swamp, swamp_pool2
Shoals:1: layout_shoals, st_shoals_ruin, uniq_donald
Shoals:2: layout_shoals, uniq_roxanne
Shoals:3: layout_shoals, portal_ice_cave_entry_pillars_three
Shoals:4: shoals_end_hangedman, layout_shoals, shoals_ilsuiw_alternative,
          nicolae_shoals_mertower
Orc:1:    layout_caves
Orc:2:    st_orc_rangers, layout_diamond_mine, basic_altar, uniq_saint_roka,
          uniq_nessos
Elf:1:    layout_loops_cross, portal_desolation_entry_ruin, serial_shops,
          nicolae_shop_crystal, minmay_elf_annihilation
Elf:2:    layout_geoelf_grid, serial_glass, glass_columns_a, glass_columns_b,
          glass_columns_a, glass_columns_a, glass_columns_b, glass_columns_a,
          serial_sigils_hangedman_gnaw
Elf:3:    grunt_elf_hall_branching, layout_geoelf_castle
Vaults:1: v_misc_24, ontoclasm_vaults_misaligned, hangedman_vaults_slither,
          hangedman_vaults_cutoff, nicolae_vaults_alarming,
          vaults_dpeg_diagonal, v_misc_27, nicolae_vaults_little_squares_3,
          vaults_room_hallway, v_rooms_5, hangedman_vaults_impose,
          layout_vaults_omnigrid, serial_shops, shop
Vaults:2: v_misc_29, nicolae_vaults_network_star, vaults_mumra_chevron_long,
          grunt_vaults_hallway_long, v_alt_pattern_5, v_rooms_3,
          nicolae_vaults_little_squares_1, ontoclasm_vaults_ligature,
          vaults_mumra_lcd, v_misc_24, hangedman_vaults_cutoff, v_misc_27,
          ontoclasm_vaults_bender, serial_ice_h, layout_vaults_maze_bifur,
          uniq_nikola
Vaults:3: st_octagons_2, nicolae_vaults_what_the_h, hangedman_vaults_stream,
          ontoclasm_vaults_spin, vaults_room_corners, ontoclasm_vaults_tryst,
          blue_anna_dwarven_crypt, hangedman_vaults_restitches,
          hangedman_vaults_stagger, vaults_dpeg_ring,
          nicolae_vaults_ring_of_whatevers, nicolae_vaults_little_squares_3,
          ontoclasm_vaults_decontamination, layout_vaults_ring, uniq_xtahua,
          uniq_sojobo
Vaults:4: hangedman_vaults_slice, nicolae_vaults_circle_grid_a,
          dpeg_vaults_monster_row, ontoclasm_vaults_ring_large,
          emtedronai_trogs_sanctum, nicolae_vaults_three_branches,
          grunt_vaults_hallway_short, v_misc_24, layout_vaults_omnicross
Vaults:5: serial_shops, uniq_frederick, uniq_mennas
Crypt:1:  minmay_guarded_unrand_sceptre_of_torment, layout_rooms, uniq_khufu
Depths:1: layout_cave_shapes, kennysheep_big_empty_room, pan_entry,
          pf_hell_entry_tar_river, grunt_ministairs_11, columned_hall_lemuel,
          nicolae_water_bricks, kennysheep_generic_room_7
Depths:2: four-leaf_vault, layout_twisted_cross, grunt_pan_entry_spiral,
          minmay_misc_feat_five, pf_coc_iceberg,
          muffindrake_ghost_three_little_ghosts, serial_sigils,
          serial_sigils_hangedman_confine, serial_sigils_hangedman_snap,
          uniq_mara
Depths:3: grunt_twist_and_shout, layout_cave_pools, enter_ziggurat_a,
          hell_entry, serial_shops, shop_fountains, pan_entry,
          minmay_room_of_horrors, serial_sigils_hangedman_gut, special_room
          [special_room_morgue], serial_rivers, chequers_serial_rivers_small_3,
          chequers_serial_rivers_small_a, chequers_serial_rivers_marsh,
          chequers_serial_rivers_small_b, drop_trap, kennysheep_generic_room_6
Depths:4: thingy_vault_2, layout_cave_shapes, abyss_entry_small_statue_room,
          hellmouth_1, grunt_pan_entry_zigzag, st_stairs_8, hallowed_hall
Depths:5: hangedman_spin_cycle, hell_entry
Hell
Dis:1:    layout_jigsaw
Geh:1:    layout_gehenna_pools_box, hangedman_elemental_grid_stream

Skill      XL: |  1  2  3  4  5  6  7  8  9 10 11 12 13 14 15 16 17 18 19 20 21 22 23 24 25 26 27 |
---------------+----------------------------------------------------------------------------------+-----
Axes           | 4 5 6 7 8 10 12 13 15 16 18 20 21 23 25 26 27 | 27.0
Fighting       | 4 5 6 7 8 10 13 15 17 18 19 20 21 23 24 27 | 27.0
Stealth        | 1 2 3 4 |  4.8
Dodging        | 3 4 5 6 7 8 9 10 | 10.6
Armour         | 5 8 10 12 14 15 16 17 18 19 20 21 25 27 | 27.0
Evocations     | 1 2 3 |  3.3
Bows           | 6 |  6.3
Shields        | 6 |  6.6
Polearms       | 4 5 6 |  6.4
Throwing       | 3 4 6 9 |  9.3
Long Blades    | 4 16 21 25 | 25.9
Unarmed Combat | 1 |  1.4
Spellcasting   | |  0.9

Action                   |  1- 3 |  4- 6 |  7- 9 | 10-12 | 13-15 | 16-18 | 19-21 | 22-24 | 25-27 || total
-------------------------+-------+-------+-------+-------+-------+-------+-------+-------+-------++-------
Melee: Hand axe          |    61 |   156 |    73 |       |       |       |       |       |       ||   290
       Headbutt          |    11 |    22 |    40 |    83 |   169 |    92 |   327 |   249 |   400 ||  1393
       War axe           |       |       |   147 |   423 |   328 |       |       |       |       ||   898
       Battleaxe         |       |       |       |     2 |     5 |    14 |       |       |       ||    21
       Executioner's axe |       |       |       |     6 |   249 |   343 |  1154 |   837 |  1359 ||  3948
       Long sword        |       |       |       |       |       |       |       |       |    31 ||    31
       Punch             |       |       |       |       |       |       |       |       |     3 ||     3
Throw: Dart              |       |       |       |       |     1 |       |     1 |       |     5 ||     7
Invok: Berserk           |     1 |     6 |     6 |    13 |    20 |     5 |    19 |    11 |    16 ||    97
       Brothers in Arms  |       |       |       |     1 |     3 |       |     1 |     1 |     4 ||    10
       Trog's Hand       |       |       |       |       |       |       |       |       |     1 ||     1
 Abil: Evoke Invisibilit |       |       |       |       |     1 |       |       |       |       ||     1
Evoke: Wand              |       |       |       |    17 |     8 |     3 |       |     1 |     1 ||    30
       Tin of tremorston |       |       |       |       |       |       |       |       |     9 ||     9
       Condenser vane    |       |       |       |       |       |       |       |       |     1 ||     1
  Use: Scroll            |       |     8 |     5 |    13 |    13 |    20 |    10 |     7 |    15 ||    91
       Potion            |       |     1 |       |     4 |     2 |     2 |     1 |     2 |     4 ||    16
 Stab: Sleeping          |       |     2 |     2 |       |       |       |       |       |       ||     4
       Invisible         |       |       |       |       |     2 |       |       |       |       ||     2
       Distracted        |       |       |       |       |       |       |     2 |     2 |     5 ||     9
Armor: Animal skin       |     8 |    27 |    14 |       |       |       |       |       |       ||    49
       Chain mail        |       |       |    34 |   177 |       |       |       |       |       ||   211
       Leather armour    |       |       |     5 |       |       |       |       |       |       ||     5
       Plate armour      |       |       |       |    14 |   346 |   224 |   814 |    88 |       ||  1486
       Crystal plate arm |       |       |       |       |       |       |       |   445 |   971 ||  1416
Dodge: Dodged            |    36 |   103 |    93 |   270 |   281 |   224 |   691 |   371 |   843 ||  2912
       Rpst.: Long sword |       |       |       |       |       |       |       |       |     3 ||     3

Table legend: (Time is in decaauts)
 A = Elapsed time spent in this place.
 B = Non-inter-level travel time spent in this place.
 C = Inter-level travel time spent in this place.
 D = Time resting spent in this place.
 E = Time spent auto-exploring this place.
 F = Levels seen in this place.
 G = Mean time per level.
                   A        B        C        D        E       F      G
               +--------+--------+--------+--------+--------+-----+--------+
         Total |  83904 |  82135 |   1769 |  25650 |  31950 |  59 | 1422.1 |
       Dungeon |  21823 |  21155 |    668 |   4355 |   9999 |  15 | 1454.9 |
          Lair |   7565 |   7478 |     87 |   1042 |   3923 |   6 | 1260.8 |
         Swamp |   4233 |   4053 |    180 |   1290 |   1887 |   4 | 1058.2 |
        Shoals |   6090 |   6011 |     79 |   2256 |   2564 |   4 | 1522.5 |
  Orcish Mines |   4362 |   4362 |      0 |   2727 |    578 |   2 | 2181.0 |
   Elven Halls |   5478 |   5413 |     65 |   2118 |   1713 |   3 | 1826.0 |
        Vaults |  12592 |  12106 |    486 |   3907 |   5245 |   5 | 2518.4 |
         Crypt |    148 |    148 |      0 |     32 |      0 |   1 |  148.0 |
        Depths |   9530 |   9326 |    204 |   2471 |   3660 |   5 | 1906.0 |
          Hell |   1881 |   1881 |      0 |   1015 |    292 |   1 | 1881.0 |
           Dis |     50 |     50 |      0 |      0 |      0 |   1 |   50.0 |
       Gehenna |    206 |    206 |      0 |     53 |     20 |   1 |  206.0 |
         Abyss |   3337 |   3337 |      0 |    717 |   1350 |   6 |  556.2 |
         Trove |    122 |    122 |      0 |      0 |      0 |   1 |  122.0 |
        Bailey |   1692 |   1692 |      0 |   1033 |    266 |   1 | 1692.0 |
      Ice Cave |    713 |    713 |      0 |    324 |    104 |   1 |  713.0 |
    Desolation |   3442 |   3442 |      0 |   2273 |    148 |   1 | 3442.0 |
      Gauntlet |    632 |    632 |      0 |     32 |    201 |   1 |  632.0 |
               +--------+--------+--------+--------+--------+-----+--------+

Top non-repeatable levels by time:
Desolation: 3442 daAuts
Vaults:4: 3338 daAuts
Vaults:5: 3235 daAuts
   Elf:3: 2675 daAuts
Depths:2: 2484 daAuts
   Orc:2: 2362 daAuts
     D:7: 2310 daAuts
Vaults:2: 2137 daAuts
    D:13: 2117 daAuts
Vaults:1: 2101 daAuts
Shoals:4: 2079 daAuts
Depths:1: 2031 daAuts
   Orc:1: 2000 daAuts
    Hell: 1881 daAuts
   Elf:2: 1870 daAuts
